Map: Stasis LE

Players

Piroxiljin - Winner!

  • Race: Terran Terran
  • Spawn Location: 11:00

VOD

Have the link to the VOD?

Description

Time

  • Played on: Jan. 13, 2019, 2:07 a.m.
  • Length: 14:49
Show
View Real Time Build Order
Export as new Build Order

Piroxiljin Terran - Winner!

Build Orders:  

Get SALT Encoding   

  12  0:05  SCV  
  13  0:22  Supply Depot  
  13  0:26  SCV  
  14  0:43  SCV  
  15  1:07  Barracks  
  15  1:09  SCV  
  16  1:20  Refinery  
  16  1:26  SCV  
  17  1:43  SCV  
  17  1:49  Barracks  
  18  2:00  SCV  
  18  2:04  Supply Depot  
  19  2:17  SCV  
  20  2:28  Marine  
  21  2:36  SCV  
  22  2:53  SCV  
  23  3:07  Command Center  
  23  3:21  SCV  
  24  3:36  Supply Depot  
  25  3:40  Reaper  
  25  3:55  Marine  
  26  4:13  Factory  
  26  4:25  Orbital Command  
  26  5:09  Orbital Command  
  25  5:16  Marine  
  26  5:37  Barracks Tech Lab  
  26  5:50  Starport  
  26  6:05  SCV  
  26  6:06  Refinery  
  27  6:22  SCV  
  27  6:25  Marine  
  29  6:30  Marauder  
  29  6:37  SCV  
  29  6:39  SCV  
  33  6:54  SCV  
  33  6:55  Reaper  
  33  6:56  SCV  
  36  7:00  Marauder  
  36  7:02  Unknown  
  38  7:11  SCV  
  38  7:13  SCV  
  40  7:28  SCV  
  40  7:30  SCV, Marauder  
  43  7:45  SCV  
  44  7:51  Starport Tech Lab  
  44  7:54  Factory Tech Lab  
  44  8:00  Marauder  
  44  8:01  SCV  
  44  8:07  Refinery  
  47  8:10  Refinery  
  47  8:18  SCV  
  48  8:22  Siege Tank  
  50  8:35  SCV  
  51  8:42  Marauder  
  51  8:44  Marine  
  54  9:17  Supply Depot  
  54  9:36  Supply Depot  
  54  9:37  Supply Depot  
  54  9:40  Supply Depot  
  54  9:47  Marauder, Marine  
  54  9:48  Viking  
  59  10:17  Reaper, Marine  
  61  10:29  Viking  
  63  10:40  Cyclone  
  65  11:11  Medivac  
  67  11:23  Command Center  
  67  11:25  Cyclone  
  70  11:53  Factory  
  70  12:10  Cyclone  
  73  13:43  SCV  
  85  14:00  SCV  
  75  14:16  SCV  
  75  14:19  Marauder, Marine  
Tags
 
Matchup
Co-op
Add a new tag
Caveats
  • Supply blocks, unpowered buildings, or Contaminate may cause inaccurate times.
  • Supply counts are checked every 10 seconds.